 Seeded DCSS version 0.30.1-4-g462c640d31 (webtiles) character file.

Game seed: 2750931936753993874 (custom seed)

308 CarvArkoylaein the Chopper (level 6, -1/46 (53) HPs)
             Began as a Hill Orc Fighter on Sept 13, 2023.
             Slain by a kobold
             ... wielding a +1 dagger of distortion
              (13 damage)
             ... on level 3 of the Dungeon.
             The game lasted 00:14:09 (2597 turns).

CarvArkoylaein the Chopper (Hill Orc Fighter)       Turns: 2597, Time: 00:14:09

HP:   -1/46 (53)    AC:  8    Str: 21    XL:     6   Next: 40%
MP:   6/6           EV:  9    Int:  8    God:
Gold: 125           SH:  4    Dex: 10    Spells: 5/5 levels left

rFire   . . .        a - +0 war axe
rCold   . . .        c - +0 buckler
rNeg    . . .        b - +0 scale mail
rPois   .            (no helmet)
rElec   .            (no cloak)
rCorr   .            (no gloves)
SInv    .            l - +0 pair of boots
Will    .....        (no amulet) Stlth
                     (no ring)
HPRegen 0.27/turn    (no ring)
MPRegen 0.10/turn

%: no passive effects
@: heavily drained
A: no striking features
a: no special abilities


You were on level 3 of the Dungeon.
You visited 1 branch of the dungeon, and saw 3 of its levels.

You collected 125 gold pieces.

Inventory:

Hand Weapons
 a - a +0 war axe (weapon)
 g - a +2 short sword of venom
Missiles
 k - a throwing net (quivered)
Armour
 b - a +0 scale mail (worn)
 c - a +0 buckler (worn)
 e - a scarf of harm
 l - a +0 pair of boots (worn)
Scrolls
 f - 2 scrolls of identify
 h - a scroll of teleportation
 i - a scroll of amnesia
 n - a scroll of noise {unknown}
 o - a scroll of magic mapping {unknown}
 p - a scroll of fog {unknown}


   Skills:
 + Level 4.7 Fighting
 + Level 6.0 Axes
 + Level 4.4 Armour
 + Level 0.9 Dodging
 + Level 4.1 Shields


You had 5 spell levels left.
You didn't know any spells.
Your spell library contained the following spells:

 Spells                   Type           Power      Damage    Failure   Level
 Beastly Appendage        Tmut           0%         N/A       80%         1
 Wereblood                Tmut           0%         N/A       91%         2
 Call Canine Familiar     Summ           0%         N/A       99%         3
 Portal Projectile        Hex/Tloc       0%         N/A       99%         3
 Spider Form              Tmut/Pois      0%         N/A       99%         3
 Leda's Liquefaction      Hex/Erth       0%         N/A       100%        4


Dungeon Overview and Level Annotations

Branches:
Dungeon (3/15)

Altars:

Annotations:
D:3 gdog's ghost, amateur GnDe


Message History

You block the kobold brigand's attack.
You hit the kobold brigand.
The kobold brigand is heavily wounded.
You block the kobold brigand's attack.
The kobold brigand hits you with a +2 dagger of draining.
You feel drained.
You hit the kobold brigand.
The kobold brigand is severely wounded.
You block the kobold brigand's attack.
You barely miss the kobold brigand.
The kobold brigand is severely wounded.
The kobold brigand hits you with a +2 dagger of draining.
You feel drained.
You barely miss the kobold brigand.
The kobold brigand is severely wounded.
You block the kobold brigand's attack.
You closely miss the kobold brigand.
The kobold brigand is severely wounded.
You block the kobold brigand's attack.
The kobold brigand hits you but does no damage.
You feel drained.
You closely miss the kobold brigand.
The kobold brigand is severely wounded.
The kobold brigand closely misses you.
You barely miss the kobold brigand.
The kobold brigand is severely wounded.
The kobold brigand hits you but does no damage.
You feel drained.
You slash the kobold brigand!
You kill the kobold brigand!
Your Axes skill increases to level 6!
You closely miss the kobold. The kobold completely misses you.
You barely miss the kobold.
Gdog's ghost whispers, "The ORB doesn't exist."
The kobold hits you but does no damage. Space warps horribly around you!
You barely miss the kobold. The kobold hits you but does no damage.
Space warps around you.
* * * LOW HITPOINT WARNING * * *
The kobold hits you but does no damage. Space warps horribly around you!
You die...

#.#........)#.#####
#.#####.#.###.....# #.#
#.#.# #####.# #.# #.#.# #.#
#.# #.#.# #.# #.# #.#.# #.#
######### #.# #.#.# #.#
#........ #.#####.#.# ###.#
#.####### #.........# ##@#.#
#.# #######)### ##K#..#
#.#######
#(.)..###K###.######..<.....
#.#)#.##K## ##........######
#.#.......##########.....#
#.###.##.##~⌠~# #####.#
#......#.#.....# #.#
######.#.K.###.$ #####.###
#KKKK.....( #........


You could see 3 kobolds.

Vanquished Creatures
  A kobold brigand (D:3)
  Jessica (D:3)
  Ijyb (D:3)
  2 orc wizards (D:3)
  Robin (D:3)
  4 gnolls
  An adder (D:2)
  3 worms (D:2)
  4 dart slugs
  2 orcs (D:3)
  4 endoplasms
  4 giant cockroaches
  8 goblins
  5 hobgoblins
  2 quokkas (D:2)
  6 ball pythons
  5 bats
  3 frilled lizards
  8 kobolds
  5 rats
70 creatures vanquished.

Notes
Turn   | Place    | Note
-------+----------+-------------------------------------------
     0 | D:1      | CarvArkoylaein the Hill Orc Fighter began the quest for the
                  | Orb.
     0 | D:1      | Reached XP level 1. HP: 19/19 MP: 1/1
    86 | D:1      | Reached XP level 2. HP: 27/27 MP: 2/2
   265 | D:1      | Found a faded altar of an unknown god.
   301 | D:1      | Reached skill level 3 in Axes
   351 | D:1      | Reached XP level 3. HP: 32/33 MP: 3/3
   993 | D:2      | Reached XP level 4. HP: 34/40 MP: 4/4
  1110 | D:2      | Reached skill level 4 in Axes
  1579 | D:3      | Noticed Jessica
  1581 | D:3      | Noticed Ijyb
  1582 | D:3      | Paralysed by Ijyb for 4 turns
  1589 | D:3      | Killed Jessica
  1590 | D:3      | Reached XP level 5. HP: 37/47 MP: 5/5
  1609 | D:3      | Killed Ijyb
  1610 | D:3      | Reached skill level 5 in Axes
  1790 | D:3      | Found a runed translucent gate.
  1790 | D:3      | Found a runed translucent gate.
  1790 | D:3      | Found a runed translucent gate.
  1790 | D:3      | Noticed gdog's ghost (amateur GnDe)
  1877 | D:3      | Noticed a kobold brigand
  2035 | D:3      | Noticed Robin
  2045 | D:3      | Reached XP level 6. HP: 43/53 MP: 6/6
  2050 | D:3      | Killed Robin
  2595 | D:3      | Reached skill level 6 in Axes
  2597 | D:3      | Slain by a kobold

Illustrated notes

Levels and vault maps discovered:
D:1:      dpeg_arrival_refuge, layout_basic, ebering_ecumenical_altar_mist,
          serial_rivers, chequers_serial_rivers_micro_d,
          chequers_serial_rivers_micro_e, chequers_serial_rivers_small_3,
          chequers_serial_rivers_micro_e, chequers_serial_rivers_room_a,
          chequers_serial_rivers_small_3
D:2:      layout_rooms, serial_forest, infiniplex_forest_clump_double,
          infiniplex_forest_straight_2, infiniplex_forest_lined_1,
          infiniplex_forest_lined_2, infiniplex_forest_lined_1,
          infiniplex_forest_lined_1
D:3:      layout_loops_ring, gammafunk_ghost_nasty_kobolds, uniq_robin,
          uniq_sigmund, uniq_crazy_yiuf_cottage, uniq_jessica, uniq_ijyb

Skill      XL: |  1  2  3  4  5  6 |
---------------+-------------------+-----
Axes           | 3 4 5 6 |  6.0
Fighting       | 4 |  4.7
Shields        | 4 |  4.1
Armour         | 4 |  4.4
Dodging        | |  0.9

Action                     |  1- 3 |  4- 6 || total
---------------------------+-------+-------++-------
  Melee: War axe           |    72 |   133 ||   205
    Use: Potion            |     1 |     7 ||     8
         Scroll            |       |     5 ||     5
 Armour: Scale mail        |    43 |    68 ||   111
  Dodge: Dodged            |    35 |    66 ||   101
  Block: Buckler           |    19 |    26 ||    45
